 Dungeon Crawl Stone Soup version 0.29-a0-617-g7a6b98fccd (webtiles) character file.

Game seed: 6323877926122371152

565 oldmanjim the Changer (level 7, -7/67 HPs)
             Began as an Ogre Transmuter on June 17, 2022.
             Was a Priest of Sif Muna.
             Mangled by a wraith (14 damage)
             ... in an ossuary.
             The game lasted 00:29:59 (5653 turns).

oldmanjim the Changer (Ogre Transmuter)             Turns: 5653, Time: 00:30:00

Health: -7/67      AC:  3    Str: 15    XL:     7   Next: 32%
Magic:  9/13       EV:  9    Int: 22    God:    Sif Muna [***...]
Gold:   207        SH:  0    Dex:  9    Spells: 6/14 levels left

rFire   . . .      SeeInvis .     - Unarmed
rCold   . . .      Faith    .   (no shield)
rNeg    + . .      Spirit   .   f - +0 robe
rPois   .          Reflect  .   (helmet restricted)
rElec   .          Harm     .   (no cloak)
rCorr   .          Rampage  .   (gloves unavailable)
Will    .....                   (boots unavailable)
Stlth   +.........              (no amulet)
HPRegen 0.21/turn               l - +6 ring of intelligence
MPRegen 0.13/turn               r - ring of positive energy

@: very slightly contaminated, slowed, very slow
A: large, unfitting armour, tough skin 1
a: Renounce Religion, Channel Magic, Forget Spell


You were in an ossuary.
You worshipped Sif Muna.
Sif Muna was most pleased with you.
You visited 1 branch of the dungeon, and saw 5 of its levels.
You also visited: Ossuary.

You collected 207 gold pieces.

Inventory:

Hand Weapons
 a - a +0 hunting sling
Missiles
 g - 138 stones (quivered)
 q - 6 large rocks
 t - a boomerang
Armour
 f - a +0 robe (worn)
 h - an orb of energy
Magical Staves
 e - a staff of cold
Jewellery
 k - a ring of ice
 l - a +6 ring of intelligence (left hand)
 r - a ring of positive energy (right hand)
Scrolls
 c - a scroll of identify {unknown}
 d - 4 scrolls of noise {unknown}
 m - a scroll of blinking {unknown}
 u - a scroll of fear {unknown}
 v - a scroll of vulnerability {unknown}
 w - 3 scrolls of magic mapping {unknown}
 y - a scroll of teleportation {unknown}
Potions
 b - 3 potions of lignification
 i - a potion of degeneration {unknown}
 j - a potion of cancellation {unknown}
 n - a potion of mutation {unknown}
 o - a potion of heal wounds {unknown}
 p - a potion of invisibility {unknown}
 s - 6 potions of curing {unknown}
 x - a potion of magic {unknown}
 z - a potion of resistance {unknown}


   Skills:
 - Level 3.0 Fighting
 - Level 1.7 Dodging
 - Level 4.0 Unarmed Combat
 - Level 4.0 Spellcasting
 + Level 4.9 Transmutations
 + Level 1.0 Ice Magic
 - Level 2.0 Poison Magic


You had 6 spell levels left.
You knew the following spells:

 Your Spells              Type           Power      Damage    Failure   Level
a - Beastly Appendage     Tmut           52%        N/A       1%          1
b - Spider Form           Tmut/Pois      19%        N/A       9%          3
c - Ice Form              Ice/Tmut       17%        N/A       32%         4

Your spell library contained the following spells:

 Spells                   Type           Power      Damage    Failure   Level
 Wereblood                Tmut           26%        N/A       2%          2
 Slow                     Hex            16%        N/A       11%         1
 Confusing Touch          Hex            4%         N/A       32%         3
 Vampiric Draining        Necr           4%         2d6       32%         3
 Passage of Golubria      Tloc           4%         N/A       73%         4
 Fireball                 Conj/Fire      2%         3d4       97%         5
 Silence                  Hex/Air        2%         N/A       97%         5
 Starburst                Conj/Fire      2%         6d3       100%        6
 Ignition                 Fire           2%         3d3       100%        8
 Lehudib's Crystal Spear  Conj/Erth      2%         10d2      100%        8


Dungeon Overview and Level Annotations

Branches:
Dungeon (5/15)            Ossuary (1/1)
 Temple: D:4-7

Altars:
Dithmenos
Makhleb
Sif Muna

Shops:
D:4 (

Annotations:
D:4 Sigmund


Innate Abilities, Weirdness & Mutations

You are too large for most types of armour.
You have tough skin. (AC +1)


Message History

The wraith completely misses you. The wraith barely misses you.
You hit the wraith.
The wraith is severely damaged.
The wraith barely misses you.
You hit the wraith but do no damage.
The wraith is severely damaged.
The wraith hits you!
You hit the wraith but do no damage.
The wraith is severely damaged.
The wraith barely misses you. x2
You hit the wraith but do no damage.
The wraith is severely damaged.
The wraith hits you. The wraith drains your vigour!
You feel as though you will be slow longer.
You hit the wraith but do no damage.
The wraith is severely damaged.
The wraith misses you.
You hit the wraith but do no damage.
The wraith is severely damaged.
The wraith hits you!
* * * LOW HITPOINT WARNING * * *
The wraith hits you.
* * * LOW HITPOINT WARNING * * *
The wraith drains your vigour!
You feel as though you will be slow longer.
You hit the wraith.
The wraith is severely damaged.
Your transformation has ended.
Your +0 robe unmelds from your body.
The wraith hits you!
* * * LOW HITPOINT WARNING * * *
The wraith drains your vigour!
You feel as though you will be slow longer.
Okay, then.
Casting: Spider Form (dangerous; 9% risk of failure)
Confirm with . or Enter, or press ? or * to list all spells.
The spell is quite dangerous to miscast (32% risk of failure)!
Continue anyway?
You miscast Ice Form.
You are very lightly contaminated with residual magic.
Your limbs ache and wobble like jelly.
The wraith hits you!
You die...

#'# #.# ###.###
#W▓.▓z# ###.###
#.#
#######'#######
#.............#
#.@##.###.##'.#
#.#W#.#z#.#)#.#
#. ##.###.###.#
#. ....... .#
#. ... ... .#
#. ##.!??.## .#
#. #.!!?.#z#.#
#. #.?!/.###.#


You could see a wraith.

Vanquished Creatures
  Edmund (D:4)
  A black bear (D:4)
  A scorpion (D:4)
  A wight (Ossuary)
  2 hounds
  An iguana (D:5)
  2 gnolls (D:4)
  5 adders
  2 adder zombies (Ossuary)
  A worm (D:2)
  2 dart slugs
  An orc (D:3)
  8 ball pythons
  8 endoplasms
  5 giant cockroaches
  5 goblins
  10 hobgoblins
  8 jackals
  4 quokkas (D:2)
  A ball python skeleton (Ossuary)
  4 bats
  3 frilled lizards
  3 hobgoblin skeletons (Ossuary)
  6 kobolds
  An orc skeleton (Ossuary)
  3 orc zombies (Ossuary)
  5 rats
94 creatures vanquished.

Vanquished Creatures (others)
  A fungus (D:5)
1 creature vanquished.

Grand Total: 95 creatures vanquished

Notes
Turn   | Place    | Note
-------+----------+-------------------------------------------
     0 | D:1      | oldmanjim the Ogre Transmuter began the quest for the Orb.
     0 | D:1      | Reached XP level 1. HP: 19/19 MP: 3/3
   567 | D:1      | Reached XP level 2. HP: 28/28 MP: 3/5
   671 | D:1      | Found a faded altar of an unknown god.
   675 | D:1      | Prayed at the altar of an unknown god.
   675 | D:1      | Became a worshipper of Sif Muna the Loreminder
   675 | D:1      | Reached * piety under Sif Muna
  1389 | D:2      | Reached XP level 3. HP: 32/35 MP: 5/7
  1393 | D:2      | Learned a level 3 spell: Spider Form
  2143 | D:2      | Reached XP level 4. HP: 44/44 MP: 8/8
  2588 | D:2      | Found a shadowy altar of Dithmenos.
  2758 | D:3      | Found a burning altar of Makhleb.
  2818 | D:3      | Reached ** piety under Sif Muna
  3868 | D:4      | Found Heqeblir's Weapon Boutique.
  3881 | D:4      | Reached XP level 5. HP: 40/53 MP: 10/10
  3984 | D:4      | Noticed a black bear
  3998 | D:4      | Killed a black bear
  4054 | D:4      | Reached XP level 6. HP: 54/61 MP: 10/12
  4532 | D:4      | Reached skill level 1 in Poison Magic
  4661 | D:4      | Noticed Edmund
  4661 | D:4      | Noticed Sigmund
  4687 | D:4      | Killed Edmund
  5069 | D:5      | Entered Level 5 of the Dungeon
  5079 | D:5      | Reached XP level 7. HP: 45/67 MP: 10/13
  5245 | D:5      | Found a sand-covered staircase.
  5253 | Ossuary  | Entered an ossuary
  5405 | Ossuary  | Learned a level 4 spell: Ice Form
  5495 | Ossuary  | Reached *** piety under Sif Muna
  5519 | Ossuary  | Noticed a wraith
  5519 | Ossuary  | Noticed a flying skull
  5525 | Ossuary  | Noticed a flying skull
  5540 | Ossuary  | Reached skill level 1 in Ice Magic
  5630 | Ossuary  | Noticed a flying skull
  5636 | Ossuary  | Noticed a wraith
  5653 | Ossuary  | Mangled by a wraith

Illustrated notes

Levels and vault maps discovered:
D:1:      dpeg_arrival_more_subterranean_lakeside_camping, layout_loops_ring,
          hellmonk_ecumenical_altar_heavens_door, minmay_hedge_maze,
          minivault_14, kennysheep_doodads, minmay_heptomino_h4
D:2:      layout_basic, basic_altar
D:3:      layout_loops_corners, mainiacjoe_overflow_six_doors_small
D:4:      layout_basic, serial_shops, nicolae_diamond_shop,
          sigmund_edmund_badplayer, uniq_sigmund
D:5:      lemuel_castle_with_subvaults [lemuel_castle_interior_carwin_3],
          layout_gridville, nicolae_ossuary_entry_plus
Ossuary:  ossuary_due_cavern

Skill      XL: |  1  2  3  4  5  6  7 |
---------------+----------------------+-----
Transmutations | 2 3 4 |  4.9
Fighting       | 2 3 |  3.0
Unarmed Combat | 3 4 |  4.0
Spellcasting   | 3 4 |  4.0
Poison Magic   | 2 |  2.0
Ice Magic      | 1 |  1.0
Dodging        | |  1.7

Action                   |  1- 3 |  4- 6 |  7- 9 || total
-------------------------+-------+-------+-------++-------
Melee: Unarmed           |   102 |   121 |    61 ||   284
       Kick              |    14 |    25 |       ||    39
       Headbutt          |    16 |    12 |       ||    28
       Punch             |     2 |     1 |       ||     3
Throw: Stone             |       |    17 |       ||    17
 Cast: Beastly Appendage |    25 |    26 |       ||    51
       Spider Form       |       |     3 |     8 ||    11
 Stab: Sleeping          |       |       |     3 ||     3
Armor: Robe              |    44 |    30 |     2 ||    76
       Skin              |       |     5 |     8 ||    13
Dodge: Dodged            |    52 |    68 |    66 ||   186

Table legend: (Time is in decaauts)
 A = Elapsed time spent in this place.
 B = Non-inter-level travel time spent in this place.
 C = Inter-level travel time spent in this place.
 D = Time resting spent in this place.
 E = Time spent auto-exploring this place.
 F = Levels seen in this place.
 G = Mean time per level.
                   A        B        C        D        E       F      G
               +--------+--------+--------+--------+--------+-----+--------+
         Total |   5640 |   5493 |    147 |    535 |   3807 |   6 |  940.0 |
       Dungeon |   5242 |   5095 |    147 |    309 |   3807 |   5 | 1048.4 |
       Ossuary |    398 |    398 |      0 |    226 |      0 |   1 |  398.0 |
               +--------+--------+--------+--------+--------+-----+--------+

Top non-repeatable levels by time:
     D:2: 1492 daAuts
     D:4: 1361 daAuts
     D:1: 1169 daAuts
     D:3: 1050 daAuts
 Ossuary: 398 daAuts
     D:5: 168 daAuts
